 Dungeon Crawl Stone Soup version 0.25.0-26-g0c896c7088 (webtiles) character file.

Game seed: 1493583917482148382

31 Danqa the Conjurer (level 3, 0/21 HPs)
             Began as a Felid Conjurer on July 5, 2020.
             Succumbed to a goblin's poison
             ... on level 1 of the Dungeon.
             The game lasted 00:03:01 (1270 turns).

Danqa the Conjurer (Felid Conjurer)                 Turns: 1270, Time: 00:03:01

Health: 0/21       AC: 25    Str:  4    XL:     3   Next: 7%
Magic:  6/7        EV:  4    Int: 17    God:
Gold:   48         SH:  0    Dex: 16    Spells: 5/6 levels left
                                        Lives:  0   Deaths: 0

rFire    + . .     SeeInvis +   (weapon unavailable)
rCold    x . .     Gourm    .   (shield unavailable)
rNeg     + + +     Faith    .   (armour unavailable)
rPois    +         Spirit   +   (helmet unavailable)
rElec    .         Reflect  .   (cloak unavailable)
rCorr    .         Harm     .   (gloves unavailable)
MR       .....     NoTele   +   (boots unavailable)
Stlth    ++........             f - amulet of guardian spirit
HPRegen  0.07/turn              c - ring of fire
MPRegen  0.10/turn              h - +4 ring of protection

@: lethally poisoned (0 -> -9), tree-form
A: very small, no armour, no weapons or thrown items, stealth, see invisible,
carnivore, slow metabolism 1
a: no special abilities


You were on level 1 of the Dungeon.
You were completely stuffed.
You were a tree.
You visited 1 branch of the dungeon, and saw 1 of its levels.

You collected 48 gold pieces.

Inventory:

Jewellery
 c - a ring of fire (left branch)
 f - an amulet of guardian spirit (around neck)
 h - a +4 ring of protection (right branch)
Scrolls
 a - a scroll of remove curse
 g - a scroll of amnesia
Comestibles
 b - 6 rations
 j - 4 chunks of flesh


   Skills:
 + Level 2.8 Dodging
 + Level 3.3 Stealth
 + Level 0.6 Unarmed Combat
 + Level 2.3 Spellcasting
 + Level 4.0 Conjurations


You had 5 spell levels left.
You knew the following spells:

 Your Spells              Type           Power        Failure   Level  Hunger
a - Magic Dart            Conj           ###.         3%          1    #......

Your spell library contained the following spells:

 Spells                   Type           Power        Failure   Level  Hunger
 Searing Ray              Conj           ###...       5%          2    ###....
 Dazzling Flash           Conj/Hex       #.....       24%         3    ###....
 Fulminant Prism          Conj/Hex       #.........   63%         4    #####..
 Iskenderun's Mystic Bla  Conj/Tloc      #.......     63%         4    #####..


Dungeon Overview and Level Annotations

Branches:
Dungeon (1/15)

Altars:

Annotations:
D:1 1 runed translucent door


Innate Abilities, Weirdness & Mutations

You cannot wear armour.
You are incapable of wielding weapons or throwing items.
Your paws allow you to move quietly. (Stealth)
((You have sharp claws.))
((You have razor-sharp teeth.))
You have supernaturally acute eyesight. (SInv)
You are carnivorous and can eat meat at any time.
((You cover ground quickly.))
((You are covered in fur. (AC +1)))
You have a slow metabolism.
((Your sharp claws are effective at attacking unaware monsters.))


Message History

As you read the scroll labeled LORPHOMP SUTOI, it crumbles to dust.
It is a scroll of identify.
a - a scroll of remove curse You feel sick.
None of your equipped items are cursed.
Okay, then.
Unknown command.
* * * LOW HITPOINT WARNING * * *
You feel sick.
* * * LOW HITPOINT WARNING * * *
You feel sick.
* * * LOW HITPOINT WARNING * * *
You feel sick.
* * * LOW HITPOINT WARNING * * *
You feel sick.
* * * LOW HITPOINT WARNING * * *
You feel sick.
* * * LOW HITPOINT WARNING * * *
You feel sick.
You die...

#.##.....................
#.##.#[###.#.#######.#####
#.##.#.# #.#.# ..... ..
#.##.#.# #.#>.. ..# #.# #.
#.#....###.#.#. ... .# #
#..........#.#.# #.## #
###....#####.#.. ... ..#
##.#.#####..#)##.# # #.# #
#.........# #♣#.###.# #.# ##
#.8.....8.# ##....#.# #.#
##. #.........## ##.....#
#.# ##..
..........###.##.### #.#
#... ..>......##.###.#####.#
#...
.........#............###..#
.........)÷...........)....#
8.....8...##.##.#.##.####..#
..l.......##.##÷#.##.# #...


There were no monsters in sight!

Vanquished Creatures
  3 dart slugs (D:1)
  4 giant cockroaches (D:1)
  3 goblins (D:1)
  3 hobgoblins (D:1)
  A ball python (D:1)
  4 bats (D:1)
  A frilled lizard (D:1)
  3 kobolds (D:1)
  2 rats (D:1)
24 creatures vanquished.

Notes
Turn   | Place    | Note
-------+----------+-------------------------------------------
     0 | D:1      | Danqa the Felid Conjurer began the quest for the Orb.
     0 | D:1      | Reached XP level 1. HP: 7/7 MP: 4/4
     0 | D:1      | Noticed a jelly
     1 | D:1      | Found a runed translucent door.
   525 | D:1      | Reached XP level 2. HP: 5/11 MP: 6/6
   858 | D:1      | Reached skill level 4 in Conjurations
  1166 | D:1      | Reached XP level 3. HP: 11/14 MP: 0/7
  1269 | D:1      | HP: 1/21 [poisoned by a goblin]
  1270 | D:1      | Succumbed to a goblin's poison

Illustrated notes

Levels and vault maps discovered:
D:1:      dpeg_arrival_caged_fury, layout_loops_ring, st_stairs_1,
          chequers_mini_garden, minmay_splitting_lines,
          minmay_misc_feat_enclosed, hangedman_abyss_or_decor_lesser_grid,
          minmay_vboxes

Skill      XL: |  1  2 |
---------------+-------+-----
Stealth        | 3 |  3.3
Conjurations   | 4 |  4.0
Dodging        | |  2.8
Unarmed Combat | |  0.6
Spellcasting   | |  2.3

Action                   || total
-------------------------++-------
Melee: Unarmed           ||    74
       Bite              ||     3
 Cast: Magic Dart        ||    23
  Use: Scroll            ||     3
       Potion            ||     1
 Stab: Sleeping          ||     4
  Eat: Chunk             ||     8
Armor: Skin              ||     9
Dodge: Dodged            ||    72
